AoeStats
← PoeBoy

Arabia

509792579Analyzed
2v2 RM · 4d ago on Sep 28, 2026· 23m 33s· 4 players
Game mode
Random Map
Map size
Medium (4 player)
Population
200
Speed
Normal
Resources
Standard
Victory
Conquest
Starting age
Dark Age
Ending age
Imperial Age
RankedLock teamsTeams togetherTeam positionsShared explorationLock speedFull tech treeHidden civsTurbo modeCheats
Victory
Defeat
🇦🇷 Maya · Argentina
1442
+13
🇦🇷 Magyars · Argentina
1144
+55
🇺🇸 Italians · United States
1238
-14
🇺🇸 Varangians · United States
1236
-13
Billiard
7:15 Loom
9:27 Feudal Age
12:12 Double-Bit Axe
12:41 Fletching
14:27 Padded Archer Armor
21:20 Horse Collar
21:46 Gold Mining
25:10 Castle Age
PoeBoy
6:30 Loom
9:10 Feudal Age
9:50 Double-Bit Axe
14:58 Forging
15:46 Bloodlines
18:08 Scale Mail Armor
18:15 Scale Barding Armor
Calcifer
6:23 Loom
8:41 Feudal Age
17:17 Scale Barding Armor
18:39 Bloodlines
18:24 Double-Bit Axe
23:16 Horse Collar
TuCumanodeElite
0:31 Loom
9:07 Feudal Age
10:13 Double-Bit Axe
13:38 Fletching
15:30 Padded Archer Armor
23:10 Castle Age
21:22 Gold Mining
21:13 Horse Collar
Connection lost

Rejoining the realm…

Still unreachable

The connection could not be restored.

Session expired

The server has moved on; the page needs a fresh start.